 Dungeon Crawl Stone Soup version 0.30.1-3-gfc49f6343a (webtiles) character file.

Game seed: 2112845172832971668

23 spardeous the Conjurer (level 2, 0/20 HPs)
             Began as a Demigod Conjurer on July 31, 2023.
             Succumbed to an adder's poison
             ... on level 2 of the Dungeon.
             The game lasted 00:00:48 (1179 turns).

spardeous the Conjurer (Demigod Conjurer)           Turns: 1179, Time: 00:00:49

Health: 0/20       AC:  3    Str:  8    XL:     2   Next: 54%
Magic:  0/7        EV: 11    Int: 20    God:
Gold:   56         SH:  0    Dex: 12    Spells: 2/5 levels left

rFire   . . .        l - +0 spear
rCold   . . .        (no shield)
rNeg    . . .        k - +0 leather armour
rPois   .            (no helmet)
rElec   .            (no cloak)
rCorr   .            (no gloves)
SInv    .            (no boots)
Will    .....        (no amulet)
Stlth   ++           (no ring)
HPRegen 0.23/turn    (no ring)
MPRegen 0.10/turn

%: no passive effects
@: lethally poisoned (0 -> -8)
A: high MP 1, forlorn, divine attributes
a: no special abilities


You were on level 2 of the Dungeon.
You visited 1 branch of the dungeon, and saw 2 of its levels.

You collected 56 gold pieces.

Inventory:

Hand Weapons
 l - a +0 spear (weapon)
Armour
 a - a +0 robe
 k - a +0 leather armour (worn)
Scrolls
 c - 2 scrolls of teleportation {unknown}
 d - 2 scrolls of vulnerability {unknown}
 g - a scroll of magic mapping {unknown}
 j - a scroll of poison {unknown}
Potions
 b - a potion of magic
 e - 2 potions of attraction {unknown}
 f - a potion of brilliance {unknown}
 h - a potion of curing {unknown}
 i - a potion of haste {unknown}


   Skills:
 - Level 1.7 Dodging
 - Level 1.7 Stealth
 + Level 2.3 Spellcasting
 + Level 4.0 Conjurations


You had 2 spell levels left.
You knew the following spells:

 Your Spells              Type           Power      Damage    Failure   Level
a - Magic Dart            Conj           72%        1d6       4%          1
b - Searing Ray           Conj           36%        2d5       6%          2

Your spell library contained the following spells:

 Spells                   Type           Power      Damage    Failure   Level
 Kiss of Death            Conj/Necr      40%        2d8       10%         1
 Dazzling Flash           Conj/Hex       20%        N/A       28%         3
 Confusing Touch          Hex            2%         N/A       54%         3
 Fulminant Prism          Conj/Hex       5%         3d6       67%         4
 Iskenderun's Mystic Bla  Conj/Tloc      10%        2d4       67%         4
 Dispel Undead            Necr           2%         3d7       91%         4


Dungeon Overview and Level Annotations

Branches:
Dungeon (2/15)

Shops:
D:1 =


Innate Abilities, Weirdness & Mutations

You have an increased reservoir of magic. (+10% MP)
You shall have no god before yourself.
Your divine heritage dramatically boosts your attributes as you level up.


Message History

The adder is severely wounded.
The adder bites you.
You are poisoned.
The adder poisons you!
You take 1 damage, and have 17/20 hp.
You miss the adder.
The adder is severely wounded.
You feel sick. The adder barely misses you.
You take 2 damage, and have 15/20 hp.
You miss the adder.
The adder is severely wounded.
You feel sick. The adder bites you. The adder barely misses you.
Your magical contamination has completely faded away.
You take 5 damage, and have 10/20 hp.
MASSIVE DAMAGE!!
You hit the adder.
The adder is almost dead.
You feel sick. The adder bites you.
* * * LOW HITPOINT WARNING * * *
You take 3 damage, and have 7/20 hp.
Unknown command.
You miss the adder.
The adder is almost dead.
You feel sick.
You are no longer poisoned.
The adder bites you.
* * * LOW HITPOINT WARNING * * *
You are poisoned.
The adder poisons you! The adder bites you.
* * * LOW HITPOINT WARNING * * *
You are more poisoned.
The adder poisons you!
You take 5 damage, and have 2/20 hp.
MASSIVE DAMAGE!!
Casting: Magic Dart (safe; 4% risk of failure)
Confirm with . or Enter, or press ? or * to list all spells.
Aiming: Magic Dart (safe; 4% risk of failure)
Press: ? - help, Shift-Dir - straight line, f/p - adder
Aim: an adder (almost dead, 100% to hit)
The magic dart hits the adder.
The adder is almost dead.
You die...

#. ##. .. .. ..
#. .# #.####.#
#####......#
#.....S....#
#@....# .[..
#.....# .#..
#.....# ...
#.....# # ...
###'### . #. #..
#.# ..#.###.#
#(####..#......#
#...............
#..##########...


You could see an adder.

Vanquished Creatures
  An orc (D:2)
  An endoplasm (D:2)
  2 goblins
  5 hobgoblins
  A quokka (D:1)
  A ball python (D:1)
  3 bats
  5 frilled lizards (D:1)
  2 kobolds (D:1)
21 creatures vanquished.

Notes
Turn   | Place    | Note
-------+----------+-------------------------------------------
     0 | D:1      | spardeous the Demigod Conjurer began the quest for the Orb.
     0 | D:1      | Reached XP level 1. HP: 14/14 MP: 5/5
   636 | D:1      | Found Ketabymp's Jewellery Shop.
   640 | D:1      | Reached XP level 2. HP: 20/20 MP: 5/7
   643 | D:1      | Learned a level 2 spell: Searing Ray
   960 | D:1      | You fall into a shaft and drop 1 floor!
   973 | D:2      | Reached skill level 4 in Conjurations
  1179 | D:2      | Succumbed to an adder's poison

Illustrated notes

Levels and vault maps discovered:
D:1:      lightli_arrival_noodles, layout_loops_corners,
          dreamdust_ecumenical_altar_statues, serial_shops,
          nicolae_shop_competitors_out_of_business, nrook_campfire,
          glass_columns_a, chequers_arboretum
D:2:      layout_basic, serial_shops, shop, shop, shop

Skill      XL: |  1  2 |
---------------+-------+-----
Spellcasting   | 2 |  2.3
Conjurations   | 4 |  4.0
Dodging        | |  1.7
Stealth        | |  1.7

Action                     || total
---------------------------++-------
  Melee: Spear             ||     5
   Cast: Magic Dart        ||    41
 Armour: Leather armour    ||     2
  Dodge: Dodged            ||     5
